 Dungeon Crawl Stone Soup version 0.27.1-4-g1640c2035a (webtiles) character file.

Game seed: 14719406753822311608

67 ZappyNine the Shield-Bearer (level 3, -10/31 HPs)
             Began as a Demigod Fighter on Nov 7, 2021.
             Killed by divine providence
             ... invoked by an orc priest
              (15 damage)
             ... on level 3 of the Dungeon.
             The game lasted 00:01:45 (2259 turns).

ZappyNine the Shield-Bearer (Demigod Fighter)       Turns: 2259, Time: 00:01:46

Health: -10/31     AC:  6    Str: 17    XL:     3   Next: 70%
Magic:  5/5        EV: 12    Int: 10    God:
Gold:   67         SH:  9    Dex: 17    Spells: 2/2 levels left

rFire    . . .     SeeInvis .   a - +0 trident
rCold    . . .     Faith    .   c - +0 kite shield
rNeg     . . .     Spirit   .   b - +0 scale mail
rPois    .         Reflect  .   (no helmet)
rElec    .         Harm     .   (no cloak)
rCorr    +         Rampage  .   (no gloves)
Will     .....                  (no boots)
Stlth    ..........             (no amulet)
HPRegen  0.10/turn              h - +4 ring of evasion
MPRegen  0.09/turn              p - ring of resist corrosion

@: no status effects
A: high mp 1, forlorn
a: no special abilities


You were on level 3 of the Dungeon.
You visited 1 branch of the dungeon, and saw 3 of its levels.

You collected 67 gold pieces.

Inventory:

Hand Weapons
 a - a +0 trident (weapon)
Missiles
 l - 8 javelins (quivered)
Armour
 b - a +0 scale mail (worn)
 c - a +0 kite shield (worn)
Jewellery
 h - a +4 ring of evasion (left hand)
 n - a +6 ring of intelligence
 p - a ring of resist corrosion (right hand)
 q - a ring of ice
Scrolls
 f - a scroll of noise {unknown}
 g - a scroll of identify {unknown}
 j - a scroll of torment {unknown}
Potions
 d - a potion of might
 e - a potion of berserk rage {unknown}
 i - a potion of brilliance {unknown}
 k - a potion of curing {unknown}
 m - a potion of mutation {unknown}
 o - a potion of resistance {unknown}


   Skills:
 + Level 3.0 Fighting
 + Level 2.3 Polearms
 + Level 3.0 Armour
 * Level 1.9 Dodging
 + Level 3.0 Shields


You had 2 spell levels left.
You didn't know any spells.
Your spell library contained the following spells:

 Spells                   Type           Power      Damage    Failure   Level
 Static Discharge         Conj/Air       0%         N/A       100%        2
 Dispel Undead            Necr           0%         3d6       100%        4
 Sticky Flame             Conj/Fire      0%         2d3       100%        4


Dungeon Overview and Level Annotations

Branches:
Dungeon (3/15)


Innate Abilities, Weirdness & Mutations

Your attributes grow dramatically as you level up.
You have an increased reservoir of magic. (+10% MP)
You shall have no god before yourself.


Message History

An orc comes into view.
It is wielding a +0 dagger of holy wrath.
You reach to attack!
You barely miss the orc priest. You hit the orc priest.
The orc priest is lightly wounded.
You block the orc's attack.
The orc priest hits you but does no damage.
You block the orc's attack.
The orc priest hits you but does no damage.
You puncture the orc priest!
The orc priest is severely wounded.
The orc priest hits you but does no damage.
You closely miss the orc priest.
The orc priest is severely wounded.
The orc priest looks satisfied for a moment.
You hit the orc priest.
The orc priest is almost dead.
You block the orc's attack. The orc priest barely misses you.
The orc barely misses you. The orc priest misses you.
You block the orc's attack.
You barely miss the orc priest.
The orc priest is almost dead.
You block the orc's attack. The orc priest hits you with a +0 club.
The orc hits you with a +0 mace.
You hit the orc priest but do no damage.
The orc priest is almost dead.
You block the orc's attack.
The orc priest mumbles some strange prayers to Beogh against you.
Beogh smites you! You block the orc's attack.
The orc hits you but does no damage.
The orc priest calls down the wrath of Beogh upon you.
Beogh smites you!
* * * LOW HITPOINT WARNING * * *
The orc hits you but does no damage.
Unknown command.
You barely miss the orc priest.
The orc priest is almost dead.
The orc closely misses you.
The orc priest mumbles some strange prayers to Beogh against you.
Beogh smites you!
You die...

###.......##
#.........##
#.........##
#.........## #+#
#........# #
######.#####........###
.......................
######..####.........##
#....o@....#...........
#....oo....#.....#.....
............#.....#.....
............#######.....
............# ......
.../.####..## .......
..... ... ...... .....
.... ..... ..


You could see an orc priest and 2 orcs.

Vanquished Creatures
  2 adders
  3 worms
  A dart slug (D:2)
  6 endoplasms
  2 giant cockroaches
  6 goblins
  2 hobgoblins (D:1)
  7 ball pythons
  A bat (D:3)
  4 frilled lizards
  2 kobolds
  5 rats
41 creatures vanquished.

Notes
Turn   | Place    | Note
-------+----------+-------------------------------------------
     0 | D:1      | ZappyNine the Demigod Fighter began the quest for the Orb.
     0 | D:1      | Reached XP level 1. HP: 18/18 MP: 3/3
   385 | D:1      | Reached XP level 2. HP: 25/25 MP: 4/4
   489 | D:1      | Reached skill level 1 in Dodging
  1537 | D:2      | Reached XP level 3. HP: 30/30 MP: 5/5
  2259 | D:3      | Killed from afar by an orc priest

Illustrated notes

Levels and vault maps discovered:
D:1:      psy_arrival_heroes, layout_basic, ebering_ecumenical_altar_webs,
          minmay_misc_feat_encased
D:2:      layout_basic
D:3:      layout_basic, kennysheep_generic_room_3

Skill      XL: |  1  2  3 |
---------------+----------+-----
Polearms       | 2 |  2.3
Dodging        | 1 |  1.9
Shields        | 3 |  3.0
Fighting       | 3 |  3.0
Armour         | 3 |  3.0

Action                   || total
-------------------------++-------
Melee: Trident           ||   146
Armor: Scale mail        ||    36
Dodge: Dodged            ||    46
Block: Kite shield       ||    68
